UAA
MERCER ISLAND SCREAMING EAGLES @ TACOMA FUR TRADERS
09/06/2017
 
TOP OF THE 1ST
Mercer Island Screaming Eagles batting - Pitching for Tacoma Fur Traders : RHP Javier López
Pitching: RHP Javier López
Batting: RHB Jesús Orozco 0-0: Swinging Strike
0-1: Foul Ball, location: 2F
0-2: Fly out, F9 (Flyball, 89M)
Batting: RHB Cris López 0-0: Fly out, F3 (Popup, 3F)
Batting: RHB Paul Houston 0-0: Called Strike
0-1: Called Strike
0-2: Fly out, F9 (Line Drive, 9M)
Top of the 1st over - 0 run(s), 0 hit(s), 0 error(s), 0 left on base; Mercer Island 0 - Tacoma 0
BOTTOM OF THE 1ST
Tacoma Fur Traders batting - Pitching for Mercer Island Screaming Eagles : LHP Jack King
Pitching: LHP Jack King
Batting: RHB Hiwahikeiki Noelani 0-0: Ball
1-0: Ball
2-0: SINGLE (Line Drive, 34D)
Batting: RHB Mark Allen 0-0: Ball
1-0: Ball
2-0: Ball
3-0: Base on Balls
Hiwahikeiki Noelani to second
Batting: RHB Johnny Bryant 0-0: Called Strike
0-1: Ball
1-1: Fly out, F3 (Popup, 3SF)
Batting: RHB Ángel Garza 0-0: Fly out, F9 (Flyball, 9M)
Batting: RHB Mo Zhou 0-0: Foul Ball, location: 2F
0-1: Called Strike
0-2: Ball
1-2: Reached on error, E6 (Groundball, 6)
Hiwahikeiki Noelani to third
Mark Allen to second
Batting: RHB Eldon McGillivour 0-0: Ball
1-0: Ball
2-0: Ball
3-0: Swinging Strike
3-1: Foul Ball, location: 2F
3-2: Foul Ball, location: 2F
3-2: SINGLE (Line Drive, 56D)
Hiwahikeiki Noelani scores
Mark Allen to third
Mo Zhou to second
Mark Allen scores
Mo Zhou to third
Batting: RHB Mike Daniels 0-0: Ball
1-0: Ball
2-0: Ball
3-0: Called Strike
3-1: Ground out 1-3 (Groundball, 13)
Bottom of the 1st over - 2 run(s), 2 hit(s), 1 error(s), 2 left on base; Mercer Island 0 - Tacoma 2
TOP OF THE 2ND
Mercer Island Screaming Eagles batting - Pitching for Tacoma Fur Traders : RHP Javier López
Batting: LHB Nelson Plasenia 0-0: SOLO HOME RUN (Flyball, 89XD), Distance : 431 ft
Batting: LHB Raúl Andrade 0-0: SINGLE (Line Drive, 78S)
Batting: RHB Juan Alba 0-0: Ball
Raúl Andrade steals 2nd base
1-0: Ball
2-0: Foul Ball, location: 2F
2-1: Swinging Strike
2-2: Foul Ball, location: 2F
2-2: Foul Ball, location: 2F
2-2: Strikes out looking
Batting: LHB Ernie Zambrano 0-0: Fly out, F4 (Popup, 34D)
Batting: RHB Luis Jiménez 0-0: Called Strike
0-1: Swinging Strike
0-2: Ball
1-2: Fly out, F4 (Popup, 4M)
Top of the 2nd over - 1 run(s), 2 hit(s), 0 error(s), 1 left on base; Mercer Island 1 - Tacoma 2
BOTTOM OF THE 2ND
Tacoma Fur Traders batting - Pitching for Mercer Island Screaming Eagles : LHP Jack King
Batting: RHB Joe Craig 0-0: Called Strike
0-1: Ball
1-1: TRIPLE (Line Drive, 89M)
Batting: RHB Dale Blair 0-0: Fly out, F8 (Flyball, 8LM)
Runner from 3rd tags up, SCORES, no throw
Batting: RHB Hiwahikeiki Noelani 0-0: Called Strike
0-1: Ball
1-1: Ball
2-1: Foul Ball, location: 2F
2-2: Strikes out looking
Batting: RHB Mark Allen 0-0: SINGLE (Line Drive, 8LS)
Batting: RHB Johnny Bryant 0-0: Ball
1-0: Ball
2-0: Ball
3-0: Base on Balls
Mark Allen to second
Batting: RHB Ángel Garza 0-0: Called Strike
0-1: Called Strike
0-2: Ball
1-2: Ball
2-2: Foul Ball, location: 2F
2-2: Ground out 6-3 (Groundball, 6)
Bottom of the 2nd over - 1 run(s), 2 hit(s), 0 error(s), 2 left on base; Mercer Island 1 - Tacoma 3
TOP OF THE 3RD
Mercer Island Screaming Eagles batting - Pitching for Tacoma Fur Traders : RHP Javier López
Batting: RHB William Miles 0-0: Ball
1-0: Called Strike
1-1: Called Strike
1-2: Foul Ball, location: 2F
1-2: Foul Ball, location: 2F
1-2: Ball
2-2: Ground out 4-3 (Groundball, 13)
Batting: RHB Jesús Orozco 0-0: Called Strike
0-1: Ball
1-1: Fly out, F5 (Popup, 56)
Batting: RHB Cris López 0-0: Foul Ball, location: 2F
0-1: Foul Ball, location: 2F
0-2: Foul Ball, location: 2F
0-2: Ground out 5-3 (Groundball, 56)
Top of the 3rd over - 0 run(s), 0 hit(s), 0 error(s), 0 left on base; Mercer Island 1 - Tacoma 3
BOTTOM OF THE 3RD
Tacoma Fur Traders batting - Pitching for Mercer Island Screaming Eagles : LHP Jack King
Batting: RHB Mo Zhou 0-0: Called Strike
0-1: SOLO HOME RUN (Flyball, 7D), Distance : 431 ft
Batting: RHB Eldon McGillivour 0-0: Called Strike
0-1: Swinging Strike
0-2: Foul Ball, location: 2F
0-2: Ball
1-2: Ball
2-2: Ball
3-2: Fly out, F6 (Popup, 6D)
Batting: RHB Mike Daniels 0-0: Ball
1-0: Foul Ball, location: 2F
1-1: Ball
2-1: Ground out 5-3 (Groundball, 5)
Batting: RHB Joe Craig 0-0: Foul Ball, location: 2F
0-1: SINGLE (Line Drive, 8LS)
Batting: RHB Dale Blair 0-0: Ball
1-0: Foul Ball, location: 2F
1-1: Foul Ball, location: 2F
1-2: Strikes out swinging
Bottom of the 3rd over - 1 run(s), 2 hit(s), 0 error(s), 1 left on base; Mercer Island 1 - Tacoma 4
TOP OF THE 4TH
Mercer Island Screaming Eagles batting - Pitching for Tacoma Fur Traders : RHP Javier López
Batting: RHB Paul Houston 0-0: Called Strike
0-1: Ball
1-1: Ball
2-1: Called Strike
2-2: Foul Ball, location: 2F
2-2: Foul Ball, location: 2F
2-2: Ground out 6-3 (Groundball, 6)
Batting: LHB Nelson Plasenia 0-0: Foul Ball, location: 2F
0-1: Ball
1-1: Foul Ball, location: 2F
1-2: SINGLE (Line Drive, 34D)
Batting: LHB Raúl Andrade 0-0: Swinging Strike
0-1: Foul Ball, location: 2F
0-2: Foul Ball, location: 2F
0-2: Strikes out swinging
Batting: RHB Juan Alba 0-0: DOUBLE (Line Drive, 5D)
Nelson Plasenia to third
Runner from 3rd tries for Home, SAFE, no throw or cutoff
Batting: LHB Ernie Zambrano 0-0: Fly out, F8 (Line Drive, 8LS)
Top of the 4th over - 1 run(s), 2 hit(s), 0 error(s), 1 left on base; Mercer Island 2 - Tacoma 4
BOTTOM OF THE 4TH
Tacoma Fur Traders batting - Pitching for Mercer Island Screaming Eagles : LHP Jack King
Batting: RHB Hiwahikeiki Noelani 0-0: Fly out, F8 (Line Drive, 8RM)
Batting: RHB Mark Allen 0-0: Called Strike
0-1: SINGLE (Line Drive, 4M)
Batting: RHB Johnny Bryant 0-0: Ball
1-0: SINGLE (Line Drive, 7S)
Mark Allen to second
Batting: RHB Ángel Garza 0-0: Called Strike
0-1: Called Strike
0-2: Ball
1-2: Fly out, F8 (Flyball, 78M)
Batting: RHB Mo Zhou 0-0: Ball
1-0: Called Strike
1-1: Foul Ball, location: 2F
1-2: 3-RUN HOME RUN (Line Drive, 78XD), Distance : 442 ft
Pitching: RHP Gabriel Madrigal
Batting: RHB Eldon McGillivour 0-0: SINGLE (Flyball, 9LS)
Batting: RHB Mike Daniels 0-0: Ball
1-0: Ball
2-0: Ball
3-0: Called Strike
3-1: Foul Ball, location: 2F
3-2: Base on Balls
Eldon McGillivour to second
Batting: RHB Joe Craig 0-0: Ball
1-0: Fly out, F7 (Flyball, 78M)
Bottom of the 4th over - 3 run(s), 4 hit(s), 0 error(s), 2 left on base; Mercer Island 2 - Tacoma 7
TOP OF THE 5TH
Mercer Island Screaming Eagles batting - Pitching for Tacoma Fur Traders : RHP Javier López
Batting: RHB Luis Jiménez 0-0: Called Strike
0-1: Ball
1-1: Swinging Strike
1-2: Ball
2-2: Foul Ball, location: 2F
2-2: SINGLE (Line Drive, 6)
Batting: RHB William Miles 0-0: Ball
1-0: Called Strike
1-1: Ball
2-1: Ball
3-1: Foul Ball, location: 2F
3-2: Strikes out looking
Batting: RHB Jesús Orozco 0-0: Ball
1-0: Ball
2-0: Foul Ball, location: 2F
2-1: Foul Ball, location: 2F
2-2: Ground out 4-3 (Groundball, 4M)
Luis Jiménez to second
Batting: RHB Cris López 0-0: Ball
1-0: Called Strike
1-1: Ball
2-1: SINGLE (Groundball, 15) (infield hit)
Luis Jiménez to third
Batting: RHB Paul Houston 0-0: Fly out, F8 (Flyball, 8RM)
Top of the 5th over - 0 run(s), 2 hit(s), 0 error(s), 2 left on base; Mercer Island 2 - Tacoma 7
BOTTOM OF THE 5TH
Tacoma Fur Traders batting - Pitching for Mercer Island Screaming Eagles : RHP Gabriel Madrigal
Batting: RHB Dale Blair 0-0: Called Strike
0-1: Called Strike
0-2: Strikes out swinging
Batting: RHB Hiwahikeiki Noelani 0-0: Swinging Strike
0-1: Ball
1-1: Called Strike
1-2: Ball
2-2: Foul Ball, location: 2F
2-2: Strikes out looking
Batting: RHB Mark Allen 0-0: Ball
1-0: Ball
2-0: SINGLE (Line Drive, 7S)
Batting: RHB Johnny Bryant 0-0: Ball
1-0: Ball
2-0: Called Strike
2-1: Foul Ball, location: 2F
2-2: Strikes out swinging
Bottom of the 5th over - 0 run(s), 1 hit(s), 0 error(s), 1 left on base; Mercer Island 2 - Tacoma 7
TOP OF THE 6TH
Mercer Island Screaming Eagles batting - Pitching for Tacoma Fur Traders : RHP Javier López
Batting: LHB Nelson Plasenia 0-0: SINGLE (Line Drive, 7LS)
Batting: LHB Raúl Andrade 0-0: Called Strike
0-1: Ball
1-1: Swinging Strike
1-2: Ball
2-2: Foul Ball, location: 2F
2-2: Foul Ball, location: 2F
2-2: SINGLE (Groundball, 34D)
Nelson Plasenia to second
Runner from 2nd tries for 3rd, SAFE, no throw or cutoff
Batting: RHB Juan Alba 0-0: Ball
Wild Pitch!
Nelson Plasenia scores
Raúl Andrade to second
1-0: Swinging Strike
1-1: SINGLE (Groundball, 56S)
Raúl Andrade to third
Batting: LHB Ernie Zambrano 0-0: Called Strike
0-1: Ball
1-1: Ball
Juan Alba steals 2nd base
2-1: Called Strike
2-2: Hit by Pitch
Batting: RHB Luis Jiménez 0-0: Called Strike
0-1: DOUBLE (Line Drive, 89M)
Raúl Andrade scores
Juan Alba scores
Ernie Zambrano to third
Batting: RHB William Miles 0-0: Called Strike
0-1: Foul Ball, location: 2F
0-2: Ball
1-2: Ball
2-2: Ball
3-2: Ground out 6-3 (Groundball, 6)
Ernie Zambrano scores
Pitching: RHP Miguel Angel Liñares
Batting: RHB Jesús Orozco 0-0: Called Strike
0-1: Ball
1-1: Ball
2-1: Foul Ball, location: 2F
2-2: Fly out, F9 (Line Drive, 9M)
Batting: RHB Cris López 0-0: Called Strike
0-1: Swinging Strike
0-2: Ball
1-2: Ball
2-2: Foul Ball, location: 2F
2-2: Ball
3-2: Base on Balls
Batting: RHB Paul Houston 0-0: Fly out, F9 (Flyball, 9LSF)
Top of the 6th over - 4 run(s), 4 hit(s), 0 error(s), 2 left on base; Mercer Island 6 - Tacoma 7
BOTTOM OF THE 6TH
Tacoma Fur Traders batting - Pitching for Mercer Island Screaming Eagles : RHP Gabriel Madrigal
Batting: RHB Ángel Garza 0-0: Ball
1-0: Ball
2-0: Ball
3-0: Called Strike
3-1: Base on Balls
Batting: RHB Mo Zhou 0-0: Ball
1-0: Ball
2-0: Ball
3-0: Called Strike
3-1: Base on Balls
Ángel Garza to second
Batting: RHB Eldon McGillivour 0-0: Sac Bunt - play at first, batter OUT! 1-3
Ángel Garza to third
Mo Zhou to second
Batting: RHB Mike Daniels 0-0: Called Strike
0-1: Ball
1-1: Called Strike
1-2: Strikes out swinging
Batting: RHB Joe Craig 0-0: Fly out, F8 (Flyball, 8RS)
Bottom of the 6th over - 0 run(s), 0 hit(s), 0 error(s), 2 left on base; Mercer Island 6 - Tacoma 7
TOP OF THE 7TH
Mercer Island Screaming Eagles batting - Pitching for Tacoma Fur Traders : RHP Miguel Angel Liñares
Batting: LHB Nelson Plasenia 0-0: Called Strike
0-1: Ball
1-1: Called Strike
1-2: Strikes out swinging
Batting: LHB Raúl Andrade 0-0: Foul Ball, location: 2F
0-1: Foul Ball, location: 2F
0-2: Ball
1-2: Strikes out swinging
Batting: RHB Juan Alba 0-0: Ball
1-0: Foul Ball, location: 2F
1-1: DOUBLE (Line Drive, 5L)
Pinch Hitting: RHB Jack Hatcher 0-0: Swinging Strike
0-1: Foul Ball, location: 2F
0-2: Ball
1-2: Ball
2-2: Ball
3-2: Base on Balls
Pinch Hitting: LHB Mike Russell 0-0: Ball
1-0: Foul Ball, location: 2F
1-1: Ball
2-1: Ball
3-1: Called Strike
3-2: Strikes out swinging
Top of the 7th over - 0 run(s), 1 hit(s), 0 error(s), 2 left on base; Mercer Island 6 - Tacoma 7
BOTTOM OF THE 7TH
Tacoma Fur Traders batting - Pitching for Mercer Island Screaming Eagles : RHP Gabriel Madrigal
Pitching: RHP Tony Miller
Now at 1B: Jack Hatcher
Now in RF: Mike Russell
Batting: RHB Dale Blair 0-0: Ball
1-0: Foul Ball, location: 2F
1-1: Called Strike
1-2: Foul Ball, location: 2F
1-2: Ball
2-2: Foul Ball, location: 2F
2-2: Strikes out looking
Batting: RHB Hiwahikeiki Noelani 0-0: Ground out 4-3 (Groundball, 4)
Batting: RHB Mark Allen 0-0: Called Strike
0-1: Ball
1-1: Called Strike
1-2: Strikes out looking
Bottom of the 7th over - 0 run(s), 0 hit(s), 0 error(s), 0 left on base; Mercer Island 6 - Tacoma 7
TOP OF THE 8TH
Mercer Island Screaming Eagles batting - Pitching for Tacoma Fur Traders : RHP Miguel Angel Liñares
Now at C: Rex Long
Now in CF: Scott Alexander
Batting: RHB William Miles 0-0: Called Strike
0-1: Ball
1-1: Foul Ball, location: 2F
1-2: Ball
2-2: Ground out 6-3 (Groundball, 6)
Pitching: RHP Gabriel Hidalgo
Batting: RHB Jesús Orozco 0-0: Foul Ball, location: 2F
0-1: Foul Ball, location: 2F
0-2: Strikes out swinging
Pitching: RHP Martin MacNamara
Batting: RHB Cris López 0-0: Called Strike
0-1: Called Strike
0-2: Ground out 5-3 (Groundball, 5)
Top of the 8th over - 0 run(s), 0 hit(s), 0 error(s), 0 left on base; Mercer Island 6 - Tacoma 7
BOTTOM OF THE 8TH
Tacoma Fur Traders batting - Pitching for Mercer Island Screaming Eagles : RHP Tony Miller
Batting: RHB Johnny Bryant 0-0: Ball
1-0: Ball
2-0: Ball
3-0: Base on Balls
Batting: RHB Rex Long 0-0: Foul Ball, location: 2F
0-1: Ball
1-1: Swinging Strike
1-2: Strikes out looking
Pinch Hitting: RHB Alfred Roberts 0-0: Ball
1-0: Called Strike
1-1: Foul Ball, location: 2F
1-2: Ball
2-2: Ball
3-2: Foul Ball, location: 2F
3-2: SINGLE (Groundball, 56)
Johnny Bryant to second
Pinch Hitting: RHB Tim Little 0-0: Ball
1-0: Called Strike
1-1: Called Strike
1-2: Ball
2-2: SINGLE (Groundball, 23) (infield hit)
Johnny Bryant to third
Alfred Roberts to second
Batting: RHB Mike Daniels 0-0: Foul Ball, location: 2F
0-1: Foul Ball, location: 2F
0-2: Foul Ball, location: 2F
0-2: Foul Ball, location: 2F
0-2: Ball
1-2: Strikes out swinging
Pitching: RHP León Vásquez
Pinch Hitting: SHB Patrick Crawford 0-0: Ball
1-0: Swinging Strike
1-1: Called Strike
1-2: Foul Ball, location: 2F
1-2: DOUBLE (Line Drive, 9LM)
Johnny Bryant scores
Alfred Roberts scores
Tim Little to third
Runner from 3rd tries for Home, SAFE, no throw or cutoff
Batting: LHB Scott Alexander 0-0: Foul Ball, location: 2F
0-1: Foul Ball, location: 2F
0-2: Ball
1-2: Ball
2-2: Ball
3-2: Base on Balls
Batting: RHB Hiwahikeiki Noelani 0-0: Called Strike
0-1: Swinging Strike
0-2: Ball
1-2: Ball
2-2: Ground out 5-3 (Groundball, 5S)
Bottom of the 8th over - 3 run(s), 3 hit(s), 0 error(s), 2 left on base; Mercer Island 6 - Tacoma 10
TOP OF THE 9TH
Mercer Island Screaming Eagles batting - Pitching for Tacoma Fur Traders : RHP Martin MacNamara
Now at 1B: Alfred Roberts
Now at 2B: Patrick Crawford
Now at SS: Tim Little
Batting: RHB Paul Houston 0-0: Called Strike
0-1: Called Strike
0-2: Fly out, F7 (Flyball, 7M)
Batting: LHB Nelson Plasenia 0-0: Ball
1-0: Fly out, F7 (Flyball, 7M)
Batting: LHB Raúl Andrade 0-0: Foul Ball, location: 2F
0-1: Foul Ball, location: 2F
0-2: Ball
1-2: Ball
2-2: Strikes out looking
Top of the 9th over - 0 run(s), 0 hit(s), 0 error(s), 0 left on base; Mercer Island 6 - Tacoma 10
This league is powered by Out of the Park Baseball, the baseball management simulation game for PC, Mac and Linux
Saturday, February 27th, 2021 - OOTP Baseball 15.6 Build 34